 Dungeon Crawl Stone Soup version 0.29-a0-82-g837932c90e (webtiles) character file.

Game seed: 10068270017794462549

1335 lordive the Frost Mage (level 8, -1/67 HPs)
             Began as a Naga Ice Elementalist on Feb 4, 2022.
             Slain by a gnoll sergeant (4 damage)
             ... on level 7 of the Dungeon.
             The game lasted 00:09:02 (6165 turns).

lordive the Frost Mage (Naga Ice Elementalist)      Turns: 6165, Time: 00:09:03

Health: -1/67      AC:  3    Str: 10    XL:     8   Next: 61%
Magic:  14/16      EV: 10    Int: 19    God:
Gold:   160        SH:  0    Dex: 11    Spells: 11/18 levels left

rFire   . . .      SeeInvis +   e - +1 dagger (elec)
rCold   . . .      Faith    .   (no shield)
rNeg    . . .      Spirit   .   a - +0 robe
rPois   +          Reflect  .   (no helmet)
rElec   .          Harm     .   (no cloak)
rCorr   .          Rampage  .   (no gloves)
Will    +....                   (no barding)
Stlth   ++........              (no amulet)
HPRegen 0.21/turn               (no ring)
MPRegen 0.15/turn               (no ring)

@: freezing walls, very slow
A: AC +2, large, see invisible, deformed body, poison resistance, slowness 2,
spit poison 1, naga tail 1
a: Spit Poison


You were on level 7 of the Dungeon.
You visited 2 branches of the dungeon, and saw 7 of its levels.
You also visited: Sewer.

You collected 160 gold pieces.

Inventory:

Hand Weapons
 d - a +1 whip of freezing
 e - a +1 dagger of electrocution (weapon)
Missiles
 q - a throwing net
Armour
 a - a +0 robe (worn)
 t - an orb of energy
Jewellery
 r - a +6 ring of dexterity
Wands
 p - a wand of flame (9)
Scrolls
 b - 2 scrolls of holy word {unknown}
 c - 2 scrolls of summoning {unknown}
 g - 4 scrolls of enchant weapon {unknown}
 h - 5 scrolls of identify {unknown}
 j - 2 scrolls of teleportation {unknown}
 m - 3 scrolls of fear {unknown}
 n - a scroll of blinking {unknown}
 s - a scroll of silence {unknown}
Potions
 f - a potion of invisibility {unknown}
 i - 2 potions of magic {unknown}
 k - 2 potions of curing {unknown}
 l - a potion of cancellation {unknown}
 o - a potion of mutation {unknown}


   Skills:
 * Level 2.0 Fighting
 * Level 0.3 Armour
 * Level 2.5 Dodging
 + Level 3.9 Stealth
 * Level 0.6 Shields
 + Level 5.9 Spellcasting
 * Level 0.4 Conjurations
 + Level 8.0 Ice Magic
 * Level 0.8 Invocations


You had 11 spell levels left.
You knew the following spells:

 Your Spells              Type           Power      Damage    Failure   Level
a - Freeze                Ice            100%       1d11      1%          1
b - Frozen Ramparts       Ice            72%        1d9       1%          3
c - Ozocubu's Armour      Ice            36%        N/A       1%          3

Your spell library contained the following spells:

 Spells                   Type           Power      Damage    Failure   Level
 Magic Dart               Conj           28%        1d4       10%         1
 Searing Ray              Conj           14%        2d5       14%         2
 Corpse Rot               Necr/Air       10%        N/A       17%         2
 Poisonous Vapours        Pois/Air       10%        N/A       17%         2
 Hailstorm                Conj/Ice       21%        3d6       21%         4
 Dazzling Flash           Conj/Hex       12%        N/A       30%         3
 Fulminant Prism          Conj/Hex       3%         3d6       71%         4
 Agony                    Necr           5%         N/A       97%         5
 Silence                  Hex/Air        2%         N/A       97%         5


Dungeon Overview and Level Annotations

Branches:
Dungeon (7/15)             Temple (1/1) D:7           Sewer (visited)

Altars:
Ashenzari
Elyvilon
Fedhas
Hepliaklqana
Sif Muna
Trog
Uskayaw
Vehumet
Xom
The Shining One
Lugonu


Innate Abilities, Weirdness & Mutations

Your serpentine skin is tough. (AC +2)
You have supernaturally acute eyesight. (SInv)
Armour fits poorly on your strangely shaped body.
Your system is resistant to poisons. (rPois)
You cover ground very slowly.
You can spit poison.
You have a snake-like lower body.


Message History

A gnoll is nearby!
A gnoll is nearby!
A gnoll comes into view. It is wielding a +0 whip.
A gnoll comes into view. It is wielding a +0 spear.
Casting: Ozocubu's Armour (safe; 1% risk of failure)
Confirm with . or Enter, or press ? or * to list all spells.
Casting: Frozen Ramparts (safe; 1% risk of failure)
Press: ? - help, Dir - look around, f - activate The walls around you are covered in ice.
The gnoll shouts!
You hear a shout!
The wall freezes the gnoll!
The gnoll barely misses you.
A gnoll sergeant comes into view.
It is wielding a +1 spear of distortion.
The wall freezes the gnoll.
The gnoll hits you with a +0 flail.
The wall freezes the gnoll!
You kill the gnoll!
The wall freezes the gnoll!
A gnoll comes into view. It is wielding a +0 flail.
The wall freezes the gnoll.
The wall freezes the gnoll.
The gnoll hits you with a +0 whip!
The wall freezes the gnoll sergeant.
The wall freezes the gnoll!
You kill the gnoll!
The wall freezes the gnoll sergeant.
The gnoll sergeant closely misses you.
The wall freezes the gnoll.
The wall freezes the gnoll sergeant.
The gnoll sergeant hits you from afar with a +1 spear of distortion.
Space warps horribly around you!
The wall freezes the gnoll!
The wall freezes the gnoll sergeant.
The gnoll sergeant hits you from afar with a +1 spear of distortion.
Space warps around you.
The wall freezes the gnoll.
The wall freezes the gnoll sergeant.
The gnoll sergeant hits you from afar with a +1 spear of distortion!
Space warps horribly around you!
* * * LOW HITPOINT WARNING * * *
The wall freezes the gnoll.
You kill the gnoll!
The wall freezes the gnoll sergeant.
The gnoll sergeant hits you from afar with a +1 spear of distortion!
* * * LOW HITPOINT WARNING * * *
Space warps around you.
You die...

..........#
#.#
.#......###
#.#
.#......#
#.##
........#
#..#
[.......#
##.#
##.....##
#.#
.......#
#.#
.#......#
#.##
.#.......#
#@.#
.......>.#
##)#
.#.......
g# .#.. .
g# .... .#
.... ..
.### #. .


You could see a gnoll sergeant and a gnoll.

Vanquished Creatures
  A sky beast (D:4)
  2 black bears
  An ogre (D:7)
  3 kobold brigands
  A centaur zombie (D:5)
  4 crimson imps (D:4)
  3 hounds
  2 bullfrog skeletons
  A gnoll shaman (D:4)
  A centaur skeleton (D:7)
  2 orc priests (D:3)
  An iguana (D:4)
  An orc wizard (D:3)
  A hound skeleton (D:4)
  5 adders
  9 gnolls
  2 river rats
  3 worms
  2 dart slugs (D:1)
  11 orcs
  12 ball pythons
  8 bats
  11 endoplasms
  4 giant cockroaches
  6 goblins
  5 hobgoblins
  5 quokkas
  2 frilled lizards
  15 kobolds
  8 rats
132 creatures vanquished.

Notes
Turn   | Place    | Note
-------+----------+-------------------------------------------
     0 | D:1      | lordive the Naga Ice Elementalist began the quest for the
                  | Orb.
     0 | D:1      | Reached XP level 1. HP: 15/15 MP: 3/3
    54 | D:1      | Reached XP level 2. HP: 2/22 MP: 0/5
   987 | D:1      | Reached XP level 3. HP: 28/28 MP: 6/6
  1261 | D:2      | Learned a level 3 spell: Frozen Ramparts
  1987 | D:3      | Found a glowing drain.
  1997 | D:3      | Reached skill level 5 in Ice Magic
  2161 | D:3      | Reached XP level 4. HP: 27/36 MP: 3/7
  2197 | Sewer    | Entered a sewer
  2331 | Sewer    | Noticed a kobold brigand
  2346 | Sewer    | Killed a kobold brigand
  2347 | Sewer    | Reached XP level 5. HP: 42/42 MP: 1/9
  2351 | Sewer    | Learned a level 3 spell: Ozocubu's Armour
  2903 | Sewer    | Noticed a kobold brigand
  2922 | Sewer    | Killed a kobold brigand
  2923 | Sewer    | Reached XP level 6. HP: 17/49 MP: 5/11
  3229 | D:3      | Reached skill level 6 in Ice Magic
  3333 | D:3      | Found a bloodstained altar of Trog.
  3955 | D:3      | Found a faded altar of an unknown god.
  4163 | D:4      | Reached XP level 7. HP: 53/56 MP: 9/13
  4404 | D:4      | Found a shimmering altar of Xom.
  4578 | D:4      | Found a radiant altar of Vehumet.
  4636 | D:4      | Reached skill level 1 in Fighting
  4670 | D:4      | Reached skill level 5 in Spellcasting
  4670 | D:4      | Reached skill level 7 in Ice Magic
  4991 | D:4      | Reached XP level 8. HP: 53/64 MP: 3/16
  5568 | D:5      | Entered Level 5 of the Dungeon
  5651 | D:5      | Found a broken altar of Ashenzari.
  5824 | D:5      | You fall into a shaft and drop 2 floors!
  6017 | D:7      | Found a staircase to the Ecumenical Temple.
  6033 | D:7      | Reached skill level 8 in Ice Magic
  6038 | Temple   | Entered the Ecumenical Temple
  6165 | D:7      | HP: 3/67 [gnoll sergeant (9)]
  6165 | D:7      | Slain by a gnoll sergeant

Illustrated notes

Levels and vault maps discovered:
D:1:      matt_arrival_spirals, layout_basic, kennysheep_small_spiral
D:2:      layout_rooms, kennysheep_generic_room_13
D:3:      layout_loops_ring, mainiacjoe_overflow_24_doors,
          chequers_ecumenical_altar_simple_redux, portal_sewer_entry_c
D:4:      layout_gridville, vehumet_altar_wand_db, led_xom_imps
D:5:      layout_loops_ring, mainiacjoe_overflow_alcove_1,
          nicolae_overflow_hidden_temple, mainiacjoe_overflow_alcove_4,
          kennysheep_little_box
D:7:      layout_rooms, minmay_temple_entry_ruins
Temple:   corrupted_temple

Skill      XL: |  1  2  3  4  5  6  7  8 |
---------------+-------------------------+-----
Ice Magic      | 5 6 7 8 |  8.0
Dodging        | 2 |  2.5
Spellcasting   | 3 4 5 |  5.9
Fighting       | 1 2 |  2.0
Armour         | |  0.3
Stealth        | |  3.9
Shields        | |  0.6
Conjurations   | |  0.4
Invocations    | |  0.8

Action                   |  1- 3 |  4- 6 |  7- 9 || total
-------------------------+-------+-------+-------++-------
Melee: Unarmed           |     5 |       |       ||     5
       Dagger            |       |       |    37 ||    37
 Cast: Freeze            |    40 |    11 |    17 ||    68
       Frozen Ramparts   |     1 |    20 |    22 ||    43
       Ozocubu's Armour  |       |     2 |     8 ||    10
 Abil: Spit Poison       |    20 |     5 |     1 ||    26
Armor: Robe              |     7 |     6 |    49 ||    62
Dodge: Dodged            |    20 |    23 |    50 ||    93

Table legend: (Time is in decaauts)
 A = Elapsed time spent in this place.
 B = Non-inter-level travel time spent in this place.
 C = Inter-level travel time spent in this place.
 D = Time resting spent in this place.
 E = Time spent auto-exploring this place.
 F = Levels seen in this place.
 G = Mean time per level.
                   A        B        C        D        E       F      G
               +--------+--------+--------+--------+--------+-----+--------+
         Total |   7416 |   7266 |    150 |    221 |   5965 |   8 |  927.0 |
       Dungeon |   6199 |   6070 |    129 |    221 |   5004 |   6 | 1033.2 |
        Temple |     83 |     62 |     21 |      0 |     54 |   1 |   83.0 |
         Sewer |   1134 |   1134 |      0 |      0 |    906 |   1 | 1134.0 |
               +--------+--------+--------+--------+--------+-----+--------+

Top non-repeatable levels by time:
     D:4: 1678 daAuts
     D:3: 1543 daAuts
     D:1: 1514 daAuts
   Sewer: 1134 daAuts
     D:2: 838 daAuts
     D:7: 320 daAuts
     D:5: 303 daAuts
  Temple: 83 daAuts
